 Dungeon Crawl Stone Soup version 0.32-a0-898-g7811c86cf0 (webtiles) character file.

Game seed: 4724723971761313615

6145 dluga93 the Thaumaturge (level 10, 0/59 HPs)
             Began as an Octopode Fire Elementalist on May 16, 2023.
             Was a Believer of Cheibriados.
             Slain by an ogre
             ... wielding a +0 giant spiked club
             ... led by Lodul
              (30 damage)
             ... on level 9 of the Dungeon on Apr 4, 2024.
             The game lasted 00:40:25 (10687 turns).

dluga93 the Thaumaturge (OpFE)                     Turns: 10687, Time: 00:40:26

Health: 0/59       AC:  1    Str: 11    XL:     10   Next: 90%
Magic:  20/24      EV: 18    Int: 26    God:    Cheibriados [**....]
Gold:   686        SH:  6    Dex: 17    Spells: 23/29 levels left

rFire   + . .        t - +2 dagger (drain)
rCold   . . .        z - +2 buckler
rNeg    . . .        (helmet restricted)
rPois   .            (no amulet)
rElec   .            g - ring of willpower
rCorr   .            j - +5 ring of evasion
SInv    +            p - ring of protection from cold
Will    +....        y - ring of see invisible
Stlth   ++++         C - ring of fire
HPRegen 0.29/turn    (no ring)
MPRegen 0.19/turn    (no ring)
                     (no ring)

%: no passive effects
@: very slow
A: almost no armour, amphibious, 8 rings, camouflage 1, gelatinous body 1,
(nimble swimmer 1), tentacles
a: Renounce Religion, Bend Time


You were on level 9 of the Dungeon.
You worshipped Cheibriados.
Cheibriados was pleased with you.
You visited 2 branches of the dungeon, and saw 11 of its levels.

You collected 686 gold pieces.

Inventory:

Hand Weapons
 e - a +0 dagger
 f - a +1 short sword
 t - a +2 dagger of draining (weapon)
 v - a +0 war axe of flaming
 A - a +2 trident of draining
Armour
 z - a +2 buckler (worn)
Jewellery
 g - a ring of willpower (left tentacle)
 j - a +5 ring of evasion (right tentacle)
 p - a ring of protection from cold (on tentacle)
 y - a ring of see invisible (on tentacle)
 C - a ring of fire (on tentacle)
Wands
 q - a wand of digging (8)
 s - a wand of roots (8)
Scrolls
 d - 6 scrolls of teleportation
 n - a scroll of fear
 o - a scroll of revelation
 x - a scroll of fog
 B - a scroll of identify
Potions
 a - 2 potions of magic
 b - 2 potions of berserk rage
 c - a potion of resistance
 h - 2 potions of ambrosia
 i - 3 potions of degeneration
 k - 2 potions of curing
 l - a potion of haste {unknown}
 m - 2 potions of mutation {unknown}
 r - 3 potions of brilliance {unknown}
 u - 3 potions of lignification {unknown}
 w - a potion of heal wounds {unknown}


   Skills:
 + Level 1.4 Fighting
 + Level 0.5 Short Blades
 + Level 3.4 Dodging
 + Level 5.1 Stealth
 + Level 0.2 Shields
 + Level 10.1 Spellcasting
 + Level 5.4 Conjurations
 + Level 0.1 Hexes
 + Level 10.0 Fire Magic


You had 23 spell levels left.
You knew the following spells:

 Your Spells              Type           Power      Damage    Failure   Level
a - Foxfire               Conj/Fire      100%       2x1d9     1%          1
b - Scorch                Fire           100%       2d9       1%          2
c - Inner Flame           Hex/Fire       56%        N/A       2%          3

Your spell library contained the following spells:

 Spells                   Type           Power      Damage    Failure   Level
 Volatile Blastmotes      Fire/Tloc      100%       2d18      2%          3
 Flame Wave               Conj/Fire      69%        2d16      2%          4
 Momentum Strike          Conj/Tloc      54%        3d9       3%          2
 Apportation              Tloc           26%        N/A       7%          1
 Necrotise                Necr           52%        1d6       7%          1
 Summon Small Mammal      Summ           52%        N/A       7%          1
 Blink                    Tloc           26%        N/A       10%         2
 Lesser Beckoning         Tloc           26%        N/A       10%         2
 Sublimation of Blood     Necr           13%        N/A       10%         2
 Tukima's Dance           Hex            14%        N/A       19%         3
 Frozen Ramparts          Ice            26%        1d4       21%         3
 Fugue of the Fallen      Necr           13%        N/A       21%         3
 Summon Ice Beast         Ice/Summ       13%        N/A       21%         3
 Iskenderun's Mystic Bla Conj/Tloc 27%            2d7        (+2d3     22%         4
 Cause Fear               Hex            7%         N/A       52%         4
 Anguish                  Hex/Necr       6%         N/A       54%         4
 Dimensional Bullseye     Hex/Tloc       6%         N/A       54%         4
 Enfeeble                 Hex            7%         N/A       100%        7
 Summon Hydra             Summ           6%         N/A       100%        7


Dungeon Overview and Level Annotations

Branches:
Dungeon (10/15)            Temple (1/1) D:7
   Lair: D:8-11         Orc: D:9-12

Altars:
Ashenzari
Cheibriados
Dithmenos
Elyvilon
Fedhas
Gozag
Hepliaklqana
Kikubaaqudgha
Makhleb
Nemelex Xobeh
Okawaru
Qazlal
Ru
Sif Muna
Trog
Uskayaw
Vehumet
Wu Jian
Xom
Yredelemnul
Zin
The Shining One

Shops:
D:5 [((

Annotations:
D:8 3 runed translucent doors, fly's ghost, novice DgDe
D:10 Lodul


Innate Abilities, Weirdness & Mutations

You cannot wear most types of armour.
You are amphibious.
You can wear up to eight rings at the same time.
Your skin changes colour to match your surroundings (Stealth+).
Your rubbery body absorbs attacks. (AC +1, EV +1)
((You are camouflaged when in or above water. (Stealth+)))
You have tentacles for arms and can constrict up to eight enemies at once.


Message History

Found a glowing yellow potion.
Casting: Foxfire (safe; 1% risk of failure)
Confirm with . or Enter, or press ? or * to list all spells.
You feel a surge of power!
You conjure some foxfire!
The ogre shouts! x5
An ogre comes into view. It is wielding a +0 giant spiked club.
Lodul the Thunderous comes into view.
He is wielding a +0 dire flail.
Your foxfire dissipates!
The foxfire hits the ogre.
The ogre is lightly wounded.
Casting: Foxfire (safe; 1% risk of failure)
Confirm with . or Enter, or press ? or * to list all spells.
You feel a surge of power!
You conjure some foxfire!
Your foxfire dissipates!
The foxfire hits the ogre but does no damage.
The ogre is lightly wounded.
Electricity crackles from Lodul's apparatus.
The bolt of lightning hits you!!
Ouch! That really hurt!
The ogre attacks as it pursues you! The ogre closely misses you.
You block the ogre's attack. The ogre attacks as it pursues you!
The ogre closely misses you.
There is a stone staircase leading up here.
The ogre misses you. You block the ogre's attack.
You climb upwards.
There is a stone staircase leading down here.
Casting: Foxfire (safe; 1% risk of failure)
Confirm with . or Enter, or press ? or * to list all spells.
You feel a surge of power!
Flames lash the ogre.
The ogre is moderately wounded.
The ogre's fire resistance burns away.
Casting: Scorch (safe; 1% risk of failure)
Confirm with . or Enter, or press ? or * to list all spells.
You feel a surge of power!
Flames lash the ogre.
The ogre is moderately wounded.
The ogre's fire resistance burns away.
You block the ogre's attack.
The ogre hits you with a +0 giant spiked club!!
Ouch! That really hurt!
You die...
Cheibriados appreciates the motionlessness of death.

##############################
....#..#...#.>#..#...........#
....'..#...#..#..'...........#
....#..#...#..#..#...........#
#####..##'##..####'##.#####'##
..........#....#@O.#..#..#...#
..........#....#.O.#..#..#...#
..........#....#####..#..#...#
..........#....#...#..##'#####
..........#....#...#.........#
..........#....#...#.........#
..........#....#...##'####...#
..........#....#......#..'...#
..........#....##'##..#..#...#


You could see 2 ogres.

Vanquished Creatures
  Pikel (D:7)
  Maurice (D:7)
  Joseph (D:10)
  Jeremiah (D:9)
  An unseen horror (D:10)
  Maggie (D:7)
  Psyche (D:8)
  A troll (D:10)
  Grinder (D:5)
  A wyvern (D:7)
  Grum (D:9)
  2 steam dragons (D:9)
  Menkaure (D:5)
  A water moccasin (D:6)
  2 ice beasts
  3 sky beasts
  A black bear (D:6)
  2 orc warriors
  2 ogres
  3 wolves (D:9)
  A centaur (D:10)
  2 lemures (D:7)
  A kobold brigand (D:10)
  2 bullfrogs
  5 scorpions
  3 wights (D:8)
  3 killer bees (D:7)
  6 jellies
  4 hounds
  An orc priest (D:7)
  2 sleepcaps (D:5)
  2 iguanas
  6 orc wizards
  Terence (D:3)
  A gnoll (D:3)
  9 adders
  3 white imps
  3 ufetubi (D:5)
  A ribbon worm (D:2)
  A dart slug (D:3)
  16 orcs
  2 ball pythons
  3 bats
  2 endoplasms
  3 giant cockroaches
  4 goblins
  7 hobgoblins
  10 jackals
  13 kobolds
  4 quokkas
  A frilled lizard (D:1)
  2 rats
152 creatures vanquished.

Vanquished Creatures (others)
  395 foxfires
395 creatures vanquished.

Grand Total: 547 creatures vanquished

Notes
Turn   | Place    | Note
-------+----------+-------------------------------------------
     0 | D:1      | dluga93 the Octopode Fire Elementalist began the quest for
                  | the Orb.
     0 | D:1      | Reached XP level 1. HP: 11/11 MP: 3/3
   297 | D:1      | Reached XP level 2. HP: 17/17 MP: 1/5
   301 | D:1      | Learned a level 2 spell: Scorch
   902 | D:1      | Reached XP level 3. HP: 21/21 MP: 3/6
  1847 | D:2      | Identified the +1 ring mail of Joconum {Harm rElec Will-
                  | rCorr}
  2013 | D:2      | Reached XP level 4. HP: 27/27 MP: 3/8
  2438 | D:3      | Reached XP level 5. HP: 32/32 MP: 4/9
  2483 | D:3      | Learned a level 3 spell: Inner Flame
  2959 | D:3      | Noticed Terence
  2977 | D:3      | Killed Terence
  3502 | D:4      | Reached XP level 6. HP: 37/37 MP: 2/11
  4092 | D:4      | Reached XP level 7. HP: 42/42 MP: 8/13
  4250 | D:4      | Reached skill level 5 in Fire Magic
  4484 | D:5      | Entered Level 5 of the Dungeon
  4780 | D:5      | Found Leonke's Weapon Boutique.
  4869 | D:5      | Found Jyre's Weapon Shop.
  4884 | D:5      | Found Qitsicof's Antique Armour Shoppe.
  4932 | D:5      | Reached skill level 1 in Fighting
  4992 | D:5      | Reached skill level 5 in Spellcasting
  4997 | D:5      | Noticed Menkaure
  5060 | D:5      | Killed Menkaure
  5128 | D:5      | Reached XP level 8. HP: 44/48 MP: 6/16
  5215 | D:5      | Found an opulent altar of Gozag.
  5302 | D:5      | Upgraded the game from 0.31-a0-37-g98a128e1d9 to
                  | 0.32-a0-898-g7811c86cf0
  5735 | D:5      | Noticed Grinder
  5741 | D:5      | Killed Grinder
  6794 | D:6      | Reached XP level 9. HP: 53/53 MP: 10/19
  7036 | D:7      | Noticed Maurice
  7189 | D:7      | Killed Maurice
  7332 | D:7      | Noticed Pikel
  7532 | D:7      | Killed Pikel
  7703 | D:7      | Noticed Maggie
  7711 | D:7      | Killed Maggie
  7737 | D:7      | Reached XP level 10. HP: 58/58 MP: 12/22
  7789 | D:7      | Found a staircase to the Ecumenical Temple.
  7823 | Temple   | Entered the Ecumenical Temple
  7838 | Temple   | Became a worshipper of Cheibriados the Contemplative
  8432 | D:8      | Noticed Psyche
  8439 | D:8      | Killed Psyche
  8439 | D:8      | Reached * piety under Cheibriados
  8614 | D:8      | Found a runed translucent gate.
  8614 | D:8      | Found a runed translucent gate.
  8614 | D:8      | Found a runed translucent gate.
  8623 | D:8      | Noticed a spectral unseen horror
  8627 | D:8      | Noticed fly's ghost (novice DgDe)
  8817 | D:9      | Noticed Grum
  8820 | D:9      | Reached skill level 5 in Conjurations
  8823 | D:9      | Killed Grum
  8824 | D:9      | Reached skill level 5 in Stealth
  9205 | D:9      | Noticed Jeremiah
  9216 | D:9      | Killed Jeremiah
 10300 | D:10     | Entered Level 10 of the Dungeon
 10300 | D:10     | Noticed an unseen horror
 10310 | D:10     | Killed an unseen horror
 10412 | D:10     | Reached skill level 10 in Spellcasting
 10467 | D:10     | Noticed Joseph
 10477 | D:10     | Killed Joseph
 10478 | D:10     | Reached skill level 10 in Fire Magic
 10479 | D:10     | Reached ** piety under Cheibriados
 10673 | D:10     | Noticed Lodul
 10687 | D:9      | Slain by an ogre

Illustrated notes

Levels and vault maps discovered:
D:1:      matt_arrival_los_fun, layout_basic
D:2:      layout_basic, minmay_pentomino_s4
D:3:      layout_basic, kennysheep_generic_room_13, uniq_terence
D:4:      nicolae_cairo_tiling_large_dashed, layout_loops_cross
D:5:      layout_loops_corners, grunt_gozag_statues, serial_shops, shop, shop,
          nicolae_take_the_stairs, uniq_grinder, uniq_menkaure
D:6:      layout_basic
D:7:      layout_basic, minmay_temple_entry_sparse_star, uniq_maurice,
          uniq_pikel, uniq_maggie
D:8:      layout_rooms, gammafunk_ghost_necromancy, uniq_psyche
D:9:      layout_grid_maze, uniq_grum, uniq_jeremiah
D:10:     layout_roguey, gammafunk_ghost_cemetery, uniq_joseph, uniq_lodul
Temple:   compressed_dpeg_triangle_lava_temple

Skill      XL: |  1  2  3  4  5  6  7  8  9 10 |
---------------+-------------------------------+-----
Stealth        | 3 4 5 |  5.1
Spellcasting   | 3 4 5 6 8 10 | 10.1
Fire Magic     | 4 5 7 8 10 | 10.0
Conjurations   | 2 3 4 5 |  5.4
Fighting       | 1 |  1.4
Dodging        | 3 |  3.4
Short Blades   | |  0.5
Shields        | |  0.2
Hexes          | |  0.1

Action                     |  1- 3 |  4- 6 |  7- 9 | 10-12 || total
---------------------------+-------+-------+-------+-------++-------
  Melee: Unarmed           |     2 |       |       |       ||     2
         Constrict         |     5 |     4 |     5 |     1 ||    15
         Tentacles         |     4 |     7 |     3 |     1 ||    15
         Short sword       |    19 |    18 |    13 |       ||    50
         Dagger            |     1 |       |       |     4 ||     5
   Cast: Foxfire           |    40 |    42 |    80 |    77 ||   239
         Scorch            |    10 |    18 |    76 |    50 ||   154
         Inner Flame       |       |       |     1 |     1 ||     2
    Use: Scroll            |     4 |     5 |     4 |     3 ||    16
         Potion            |       |       |       |     2 ||     2
   Stab: Sleeping          |       |     1 |       |       ||     1
 Armour: Skin              |     4 |     1 |    11 |    26 ||    42
  Dodge: Dodged            |    21 |    17 |    40 |    38 ||   116
  Block: Buckler           |       |       |       |    16 ||    16

Table legend: (Time is in decaauts)
 A = Elapsed time spent in this place.
 B = Non-inter-level travel time spent in this place.
 C = Inter-level travel time spent in this place.
 D = Time resting spent in this place.
 E = Time spent auto-exploring this place.
 F = Levels seen in this place.
 G = Mean time per level.
                   A        B        C        D        E       F      G
               +--------+--------+--------+--------+--------+-----+--------+
         Total |  11319 |  10878 |    441 |   3120 |   5860 |  11 | 1029.0 |
       Dungeon |  11285 |  10844 |    441 |   3120 |   5860 |  10 | 1128.5 |
        Temple |     34 |     34 |      0 |      0 |      0 |   1 |   34.0 |
               +--------+--------+--------+--------+--------+-----+--------+

Top non-repeatable levels by time:
     D:9: 1921 daAuts
     D:5: 1432 daAuts
     D:1: 1238 daAuts
     D:6: 1193 daAuts
     D:3: 1174 daAuts
     D:7: 1125 daAuts
     D:2: 1042 daAuts
     D:4: 1025 daAuts
     D:8: 702 daAuts
    D:10: 428 daAuts
  Temple: 34 daAuts
